 Dungeon Crawl Stone Soup version 0.30-a0-946-gec5dcfc036 (webtiles) character file.

Game seed: 10774303002813915430

1884 2tousent the Reanimator (level 8, -1/56 HPs)
             Began as a Demonspawn Necromancer on Mar 26, 2023.
             Was a Priest of Cheibriados.
             Slain by an ogre
             ... wielding a +0 giant club
              (28 damage)
             ... on level 7 of the Dungeon.
             The game lasted 00:12:26 (7532 turns).

2tousent the Reanimator (Demonspawn Necromancer)    Turns: 7532, Time: 00:12:26

Health: -1/56      AC:  9    Str: 16    XL:     8   Next: 92%
Magic:  1/16       EV: 13    Int: 26    God:    Cheibriados [***...]
Gold:   385        SH:  0    Dex: 23    Spells: 10/18 levels left

rFire   + . .      SeeInvis .    d - +0 dagger (heavy)
rCold   . . .      Faith    .    (no shield)
rNeg    . . .      Spirit   .    a - +0 robe
rPois   .          Reflect  .    (helmet unavailable)
rElec   .          Rampage  .    (no cloak)
rCorr   .          Clarity  +    (no gloves)
Will    .....                    r - +0 pair of boots
Stlth   ++                       (no amulet)
HPRegen 0.29/turn                (no ring)
MPRegen 0.15/turn                (no ring)

@: sanguine armoured, animating dead, very slow
A: horns 3, powered by pain 1, sanguine armour 1, clarity, fire resistance 1,
frail 1, screaming 1
a: Renounce Religion, Bend Time, Temporal Distortion


You were on level 7 of the Dungeon.
You worshipped Cheibriados.
Cheibriados was most pleased with you.
You visited 1 branch of the dungeon, and saw 7 of its levels.

You collected 385 gold pieces.

Inventory:

Hand Weapons
 d - a +0 heavy dagger (weapon)
Armour
 a - a +0 robe (worn)
 r - a +0 pair of boots (worn)
Magical Staves
 m - the staff of earth "Lipseone" {rElec rPois Stlth+}
   (You found it on level 4 of the Dungeon)

   [staff of earth]

   Base accuracy: +5 Base damage: 5 Base attack delay: 1.2 This weapon's minimum
   attack delay (0.6) is reached at skill level 12.
   rElec:     It insulates you from electricity.
   rPois:     It protects you from poison.
   Stlth:     It makes you more stealthy.
   It falls into the 'Staves' category.
   It is a one-handed weapon.
Jewellery
 b - a +6 ring of strength
 c - a ring of resist corrosion
Wands
 l - a wand of paralysis (14)
 q - a wand of flame (20)
 t - a wand of iceblast (5)
 w - a wand of polymorph (8)
Scrolls
 f - a scroll of amnesia
 j - a scroll of magic mapping
 n - a scroll of teleportation
 s - 2 scrolls of blinking
 v - a scroll of identify
Potions
 e - a potion of cancellation
 g - 2 potions of mutation
 h - a potion of curing
 k - a potion of ambrosia {unknown}
 o - 2 potions of haste {unknown}
 u - a potion of attraction {unknown}


   Skills:
 + Level 5.6 Fighting
 + Level 1.9 Dodging
 - Level 1.7 Stealth
 + Level 5.6 Spellcasting
 * Level 10.0 Necromancy


You had 10 spell levels left.
You knew the following spells:

 Your Spells              Type           Power      Damage    Failure   Level
a - Necrotise             Necr           100%       1d9       1%          1
b - Animate Dead          Necr           56%        N/A       1%          4
c - Vampiric Draining     Necr           56%        2d10      1%          3

Your spell library contained the following spells:

 Spells                   Type           Power      Damage    Failure   Level
 Agony                    Necr           56%        N/A       3%          5
 Summon Small Mammal      Summ           28%        N/A       8%          1
 Anguish                  Hex/Necr       16%        N/A       9%          4
 Ensorcelled Hibernation  Hex/Ice        14%        N/A       11%         2
 Call Canine Familiar     Summ           7%         N/A       22%         3
 Dazzling Flash           Conj/Hex       14%        N/A       22%         3
 Frozen Ramparts          Ice            14%        1d3       22%         3
 Ignite Poison            Fire/Tmut/Pois 7%         N/A       22%         3
 Portal Projectile        Hex/Tloc       14%        N/A       22%         3
 Spider Form              Tmut/Pois      7%         N/A       22%         3
 Summon Guardian Golem    Hex/Summ       7%         N/A       22%         3
 Ice Form                 Ice/Tmut       7%         N/A       58%         4
 Iskenderun's Mystic Bla  Conj/Tloc      7%         2d4       58%         4
 Leda's Liquefaction      Hex/Erth       3%         N/A       58%         4
 Sticky Flame             Conj/Fire      7%         2d3       58%         4
 Summon Ice Beast         Ice/Summ       7%         N/A       58%         4
 Starburst                Conj/Fire      3%         6d3       100%        6
 Ignition                 Fire           3%         3d4       100%        8


Dungeon Overview and Level Annotations

Branches:
Dungeon (7/15)             Temple (0/1) D:5

Altars:
Cheibriados
Qazlal


Innate Abilities, Weirdness & Mutations

You have a pair of large horns on your head.
You sometimes gain a little power by taking damage.
When seriously injured, your blood forms armour. (AC +6)
You possess an exceptional clarity of mind.
Your flesh is heat resistant. (rF+)
You are frail. (-10% HP)
You occasionally shout uncontrollably at your foes.


Message History

The centaur kicks you but does no damage.
Casting: Vampiric Draining (safe; 1% risk of failure)
Confirm with . or Enter, or press ? or * to list all spells.
Aiming: Vampiric Draining (safe; 1% risk of failure)
Press: ? - help, Shift-Dir - straight line, f/p - centaur
Aim: a centaur (almost dead)
You draw life force from the centaur!
You kill the centaur!
Cheibriados thoroughly appreciates the change of pace.
You feel life coursing into your body.
The dead are walking!
Your Necromancy skill increases to level 10!
Casting: Vampiric Draining (safe; 1% risk of failure)
Confirm with . or Enter, or press ? or * to list all spells.
You don't have enough magic to cast this spell.
Okay, then.
You hit the ogre. Your headbutt misses the ogre.
The ogre is lightly wounded.
The ogre closely misses you.
Your centaur zombie hits the white imp.
Your centaur zombie barely misses the white imp.
The white imp gestures at you.
The puff of frost hits you but does no damage.
You hit the ogre.
The ogre is moderately wounded.
Your centaur zombie closely misses the white imp.
Your centaur zombie kicks the white imp but does no damage.
The ogre closely misses you.
The white imp hits you but does no damage.
Your centaur zombie hits the white imp.
Your centaur zombie completely misses the white imp.
The white imp closely misses you.
Aiming: Throw Flame
Press: ? - help, Shift-Dir - straight line, f - white imp
Aim: a white imp (moderately wounded, ally target, 68% to hit)
The puff of flame hits the white imp!
The white imp is burned terribly!
You kill the white imp!
Cheibriados thoroughly appreciates the change of pace.
Cheibriados raises the support of your attributes as your movement slows.
The ogre hits you with a +0 giant club!!
Ouch! That really hurt!
You die...

. ##.......##
...#......###
...........#
##....<...##
###.......#
#.......#####
##......###.##
#...........#
#........@..#
........#.OZ..?.#
>.......#.$.....#
......###........#
...... .........#
...... ......$....
.... ...$.......
............


You could see an ogre (ally target) and a friendly centaur zombie.

Vanquished Creatures
  A water moccasin (D:6)
  A sky beast (D:6)
  An ice beast (D:7)
  3 ogres
  A centaur (D:7)
  A kobold brigand (D:6)
  4 scorpions
  2 bullfrogs (D:6)
  4 orc priests
  4 hounds
  A sleepcap (D:6)
  2 iguanas
  Natasha (thrice) (D:4)
  3 orc wizards
  2 gnolls (D:4)
  6 adders
  A shadow imp (D:6)
  3 white imps
  2 ufetubi
  4 dart slugs
  9 orcs
  10 ball pythons
  5 bats
  10 endoplasms
  A giant cockroach (D:1)
  6 goblins
  6 hobgoblins
  10 jackals
  2 quokkas
  A frilled lizard (D:2)
  10 kobolds
  4 rats
123 creatures vanquished.

Vanquished Creatures (collateral kills)
  A scorpion (D:4)
  An orc priest (D:3)
  A hound (D:5)
  A sleepcap (D:7)
  A gnoll (D:4)
  2 adders (D:4)
  An endoplasm (D:4)
  A hobgoblin (D:3)
  A jackal (D:4)
  A frilled lizard (D:2)
  A kobold (D:3)
12 creatures vanquished.

Vanquished Creatures (others)
  An orc zombie (D:6)
  2 gnoll zombies (D:4)
  A hobgoblin zombie (D:4)
  A kobold zombie (D:6)
5 creatures vanquished.

Grand Total: 140 creatures vanquished

Notes
Turn   | Place    | Note
-------+----------+-------------------------------------------
     0 | D:1      | 2tousent the Demonspawn Necromancer began the quest for the
                  | Orb.
     0 | D:1      | Reached XP level 1. HP: 13/13 MP: 3/3
   181 | D:1      | Gained mutation: You sometimes gain a little power by
                  | taking damage. [demonic ancestry]
   181 | D:1      | Reached XP level 2. HP: 20/20 MP: 0/5
   467 | D:1      | Reached skill level 1 in Fighting
   808 | D:1      | Reached skill level 5 in Necromancy
   893 | D:1      | Found a faded altar of an unknown god.
   911 | D:1      | Reached XP level 3. HP: 26/26 MP: 2/6
  1399 | D:2      | Found a snail-covered altar of Cheibriados.
  1442 | D:2      | Became a worshipper of Cheibriados the Contemplative
  1953 | D:3      | Reached XP level 4. HP: 18/32 MP: 2/7
  2139 | D:3      | HP: 1/33 [orc/+0 hand axe (2)]
  2303 | D:3      | Reached * piety under Cheibriados
  2319 | D:3      | Gained mutation: You have a pair of small horns on your
                  | head. [demonic ancestry]
  2319 | D:3      | Reached XP level 5. HP: 16/38 MP: 1/9
  2324 | D:3      | Learned a level 4 spell: Animate Dead
  2328 | D:3      | Learned a level 3 spell: Vampiric Draining
  2338 | D:3      | Reached skill level 6 in Necromancy
  2918 | D:4      | Noticed an ogre
  2945 | D:4      | Found a stormy altar of Qazlal.
  3038 | D:4      | Noticed Natasha
  3043 | D:4      | Killed Natasha
  3128 | D:4      | Identified the staff of earth "Lipseone" {rElec rPois
                  | Stlth+}
  3214 | D:4      | Gained mutation: When seriously injured, your blood forms
                  | armour. (AC +6) [demonic ancestry]
  3214 | D:4      | Reached XP level 6. HP: 21/46 MP: 0/11
  3339 | D:4      | Noticed Natasha
  3347 | D:4      | Killed Natasha
  3347 | D:4      | Reached ** piety under Cheibriados
  3430 | D:4      | Reached skill level 7 in Necromancy
  3619 | D:4      | Gained mutation: You have a pair of horns on your head.
                  | [demonic ancestry]
  3619 | D:4      | Reached XP level 7. HP: 31/52 MP: 10/12
  3740 | D:4      | Noticed Natasha
  3745 | D:4      | Killed Natasha
  4548 | D:5      | Entered Level 5 of the Dungeon
  4566 | D:5      | Found a staircase to the Ecumenical Temple.
  5003 | D:5      | Reached skill level 8 in Necromancy
  6079 | D:6      | Gained mutation: You have a pair of large horns on your
                  | head. [demonic ancestry]
  6079 | D:6      | Reached XP level 8. HP: 59/61 MP: 4/15
  6230 | D:6      | Gained mutation: You are frail. (-10% HP) [potion of
                  | mutation]
  6230 | D:6      | Gained mutation: You possess an exceptional clarity of
                  | mind. [potion of mutation]
  6230 | D:6      | Gained mutation: You occasionally shout uncontrollably at
                  | your foes. [potion of mutation]
  6230 | D:6      | Gained mutation: Your flesh is heat resistant. (rF+)
                  | [potion of mutation]
  6245 | D:6      | Reached *** piety under Cheibriados
  6388 | D:6      | Reached skill level 5 in Spellcasting
  6388 | D:6      | Reached skill level 9 in Necromancy
  6669 | D:6      | Reached skill level 5 in Fighting
  7012 | D:6      | Found a snail-covered altar of Cheibriados.
  7530 | D:7      | Reached skill level 10 in Necromancy
  7532 | D:7      | Slain by an ogre

Illustrated notes

Levels and vault maps discovered:
D:1:      amcnicky_arrival_gap_in_the_tavern_cellar, layout_loops_ring,
          dreamdust_ecumenical_altar_angels_and_demons
D:2:      layout_basic, basic_altar
D:3:      layout_rooms, zin_academy, nicolae_concentric_dashed_squares_wild,
          nicolae_elevator_lobby_asterisk
D:4:      layout_gridville, nicolae_qazlal_general_emergency, minmay_bent,
          uniq_natasha
D:5:      layout_basic, temple_pool_b
D:6:      layout_loops_corners, kennysheep_slug_shrine
D:7:      gammafunk_beogh_shrine, layout_cave_pools,
          nicolae_overflow_hidden_temple, tgw_fedhas,
          mainiacjoe_overflow_small_starburst, doesnt_shop_hydraphobe

Skill      XL: |  1  2  3  4  5  6  7  8 |
---------------+-------------------------+-----
Fighting       | 1 2 3 4 5 |  5.6
Necromancy     | 5 6 7 8 10 | 10.0
Spellcasting   | 3 4 5 |  5.6
Dodging        | |  1.9
Stealth        | |  1.7

Action                     |  1- 3 |  4- 6 |  7- 9 || total
---------------------------+-------+-------+-------++-------
  Melee: Unarmed           |    14 |       |       ||    14
         Dagger            |    11 |    12 |    46 ||    69
         Punch             |       |     1 |     1 ||     2
         Headbutt          |       |     3 |     8 ||    11
   Cast: Necrotise         |    76 |    76 |   128 ||   280
         Animate Dead      |       |     2 |     7 ||     9
         Vampiric Draining |       |       |    10 ||    10
  Evoke: Wand              |       |     1 |     1 ||     2
    Use: Scroll            |     4 |     3 |     4 ||    11
         Potion            |       |     2 |     4 ||     6
   Stab: Paralysed         |       |     1 |       ||     1
         Sleeping          |       |       |     1 ||     1
 Armour: Robe              |     6 |     7 |    35 ||    48
         Skin              |       |       |     2 ||     2
  Dodge: Dodged            |    37 |    31 |   110 ||   178

Table legend: (Time is in decaauts)
 A = Elapsed time spent in this place.
 B = Non-inter-level travel time spent in this place.
 C = Inter-level travel time spent in this place.
 D = Time resting spent in this place.
 E = Time spent auto-exploring this place.
 F = Levels seen in this place.
 G = Mean time per level.
                   A        B        C        D        E       F      G
               +--------+--------+--------+--------+--------+-----+--------+
         Total |   9126 |   8618 |    508 |    248 |   7296 |   7 | 1303.7 |
       Dungeon |   9126 |   8618 |    508 |    248 |   7296 |   7 | 1303.7 |
               +--------+--------+--------+--------+--------+-----+--------+

Top non-repeatable levels by time:
     D:6: 2205 daAuts
     D:4: 1965 daAuts
     D:5: 1593 daAuts
     D:3: 1193 daAuts
     D:1: 1029 daAuts
     D:2: 991 daAuts
     D:7: 148 daAuts
